 Dungeon Crawl Stone Soup version 0.23-b1-84-g6588a6b (webtiles) character file.

Game seed: 16774773909920989461

2185 Folque the Geomancer (level 9, 67/67 HPs)
             Began as a Grey Draconian Earth Elementalist on Feb 6, 2019.
             Was a Believer of Vehumet.
             Got out of the dungeon alive.
             The game lasted 00:25:26 (7107 turns).

Folque the Geomancer (DrEE)                         Turns: 7107, Time: 00:25:27

Health: 67/67      AC: 13    Str: 11    XL:     9   Next: 11%
Magic:  16/16      EV: 12    Int: 19    God:    Vehumet [**....]
Gold:   433        SH:  0    Dex: 11    Spells: 2/18 levels left

rFire    . . .     SeeInvis .   a - +1 short sword (protect)
rCold    . . .     Gourm    .   (no shield)
rNeg     . . .     Faith    .   (armour unavailable)
rPois    .         Spirit   .   (helmet restricted)
rElec    .         Reflect  .   (no cloak)
rCorr    .         Harm     .   B - +0 pair of gloves
MR       .....                  (no boots)
Stlth    ++........             (no amulet)
HPRegen  0.21/turn              (no ring)
MPRegen  0.15/turn              (no ring)

@: lightly drained
A: walk through water, unfitting armour, horns 1, blink, unbreathing,
cold-blooded, AC +12
a: Blink, Renounce Religion


You escaped.
You worshipped Vehumet.
Vehumet was pleased with you.
You were hungry.

You visited 2 branches of the dungeon, and saw 9 of its levels.
You also visited: Ossuary.

You collected 433 gold pieces.

Inventory:

Hand Weapons
 a - a +1 short sword of protection (weapon)
 h - a +0 short sword
Missiles
 b - 116 stones (quivered)
Armour
 B - a +0 pair of gloves (worn)
 C - a +0 shield
Jewellery
 i - a +3 amulet of reflection {unknown}
 j - an uncursed ring of flight
 t - an uncursed ring of resist corrosion {unknown}
 u - an uncursed amulet of harm
 D - an uncursed ring of flight
Scrolls
 e - 2 scrolls of blinking
 f - a scroll of amnesia
 g - a scroll of enchant weapon
 k - a scroll of noise
 l - 4 scrolls of immolation
 n - 3 scrolls of remove curse {unknown}
 p - a scroll of magic mapping {unknown}
 v - a scroll of identify
 y - 2 scrolls of fog
Potions
 d - 4 potions of mutation
 m - 2 potions of brilliance {unknown}
 o - a potion of haste {unknown}
 q - 2 potions of flight
 r - 2 potions of cancellation
 s - 3 potions of curing
 x - a potion of invisibility
 z - 2 potions of ambrosia {unknown}
 A - a potion of might {unknown}
 E - a potion of lignification {unknown}
 F - a potion of heal wounds
Comestibles
 c - 15 rations


   Skills:
 - Level 2.1(1.7) Fighting
 - Level 2.1(1.6) Dodging
 * Level 3.1(2.6) Stealth
 - Level 5.2(4.7) Spellcasting
 * Level 5.1(4.6) Conjurations
 + Level 4.3(3.8) Transmutations
 * Level 9.6(9.1) Earth Magic


You had 2 spell levels left.
You knew the following spells:

 Your Spells              Type           Power        Failure   Level  Hunger
a - Sandblast             Erth           #####.       1%          1    None
b - Passwall              Tmut/Erth      ####....     1%          2    #......
c - Stone Arrow           Conj/Erth      ####..       2%          3    ##.....
d - Lee's Rapid Deconstr  Erth           #####.....   9%          5    ######.
e - Petrify               Tmut/Erth      ####....     9%          4    ####...
f - Flame Tongue          Conj/Fire      ##...        4%          1    None

Your spell library contained the following spells:

 Spells                   Type           Power        Failure   Level  Hunger
 Throw Frost              Conj/Ice       ##....       8%          2    #......


Dungeon Overview and Level Annotations

Branches:
Dungeon (8/15)             Temple (1/1) D:4
   Lair: D:8-11

Altars:
Ashenzari
Cheibriados
Dithmenos
Elyvilon
Fedhas
Gozag
Kikubaaqudgha
Makhleb
Nemelex Xobeh
Okawaru
Qazlal
Sif Muna
Uskayaw
Vehumet
Wu Jian
Xom
Yredelemnul
Zin
The Shining One

Shops:
D:6 ?


Innate Abilities, Weirdness & Mutations

You can walk through water.
Your dull iron-grey scales are very hard. (AC +12)
You cannot fit into any form of body armour.
You can survive without breathing.
You are cold-blooded and may be slowed by cold attacks.
You have a pair of small horns on your head.
You can translocate small distances at will.


Message History

You see here a +0 trident.
You see here a +0 hand axe.
You see here a +0 falchion.
Magic restored.
There is a stone staircase leading up here.
You climb upwards.
There is a stone staircase leading down here.
HP restored.
There is a stone staircase leading up here.
You climb upwards.
There is a stone staircase leading down here.
There is a stone staircase leading up here.
You climb upwards.
There is a stone staircase leading down here.
You open the large door.
There is a large open door here.
There is an open door here.
There is a staircase leading out of the dungeon here.
Are you sure you want to leave the Dungeon?
This will make you lose the game!
You have escaped!

....# #............#..# ##.
....############################.
....##..[..................##....
######...............).....##....
#..########+########..##....
#..####.........####..##....
#..##.............##..##....
#..#......#'#......#..##....
#รท.'.....##@##.....'..##....
#..'.....##>##.....'........
#..#......#+#......#...#####
#..##.....(.......##...#
#..####.........####...#
#..########+########...#
#......................#
#......................#
########################


There were no monsters in sight!

Vanquished Creatures
  A hornet (D:7)
  Grinder (D:4)
  A spriggan (D:7)
  A hornet zombie (D:7)
  A sky beast (D:7)
  A phantom (D:7)
  An ogre (D:7)
  2 centaurs (D:7)
  3 bullfrogs (D:6)
  A scorpion (D:3)
  2 wights (D:8)
  A howler monkey (D:7)
  2 human zombies (Ossuary)
  2 centaur zombies (Ossuary)
  A jelly (D:5)
  3 hounds
  2 orc priests (D:6)
  An iguana (D:7)
  Jessica (D:3)
  2 orc wizards
  3 worker ants
  A big kobold zombie (Ossuary)
  2 hound skeletons (D:4)
  3 mummies (Ossuary)
  8 adders
  A shadow imp (D:7)
  3 adder skeletons
  2 worms
  A dart slug (D:1)
  4 leopard geckos
  18 orcs
  3 giant cockroaches
  A gnoll zombie (Ossuary)
  9 goblins
  9 hobgoblins
  10 jackals
  9 kobolds
  4 quokkas
  A ball python (D:4)
  6 bats
  2 frilled lizards
  2 kobold zombies (Ossuary)
  A leopard gecko skeleton (D:5)
  A quokka zombie (D:6)
  13 rats
147 creatures vanquished.

Notes
Turn   | Place    | Note
-------+----------+-------------------------------------------
     0 | D:1      | Folque the Draconian Earth Elementalist began the quest for
                  | the Orb.
     0 | D:1      | Reached XP level 1. HP: 14/14 MP: 3/3
   159 | D:1      | Reached skill level 1 in Fighting
   162 | D:1      | Reached XP level 2. HP: 23/23 MP: 3/5
   490 | D:1      | Reached XP level 3. HP: 28/29 MP: 2/6
   494 | D:1      | Learned a level 2 spell: Passwall
   498 | D:1      | Learned a level 3 spell: Stone Arrow
   872 | D:2      | Found a burning altar of Makhleb.
   879 | D:2      | Reached XP level 4. HP: 31/36 MP: 0/8
   923 | D:2      | Found a radiant altar of Vehumet.
   970 | D:2      | Became a worshipper of Vehumet
  1186 | D:2      | Found a sparkling altar of Nemelex Xobeh.
  1716 | D:3      | Reached skill level 4 in Earth Magic
  1939 | D:3      | Reached skill level 1 in Conjurations
  2076 | D:3      | Noticed Jessica
  2091 | D:3      | Reached XP level 5. HP: 32/41 MP: 9/9
  2094 | D:3      | Killed Jessica
  2378 | D:4      | Found an iron altar of Okawaru.
  2424 | D:4      | Reached * piety under Vehumet
  2424 | D:4      | Offered knowledge of Magic Dart by Vehumet.
  2534 | D:3      | Gained mutation: You can translocate small distances at
                  | will. [potion of mutation]
  2534 | D:3      | Gained mutation: You have a pair of small horns on your
                  | head. [potion of mutation]
  2866 | D:4      | Found a staircase to the Ecumenical Temple.
  2869 | D:4      | Noticed Grinder
  2902 | D:3      | Learned a level 5 spell: Lee's Rapid Deconstruction
  2983 | D:4      | Reached XP level 6. HP: 48/48 MP: 4/12
  3238 | D:4      | Killed Grinder
  3238 | D:4      | Reached skill level 5 in Earth Magic
  3246 | Temple   | Entered the Ecumenical Temple
  3531 | D:5      | Entered Level 5 of the Dungeon
  3587 | D:5      | Reached skill level 5 in Spellcasting
  3591 | D:5      | Your scales start taking on a dull iron-grey colour.
  3591 | D:5      | Reached skill level 6 in Earth Magic
  3591 | D:5      | Reached XP level 7. HP: 55/55 MP: 4/14
  3591 | D:5      | Gained mutation: You can survive without breathing. [Grey
                  | Draconian growth]
  3811 | D:5      | Learned a level 4 spell: Petrify
  4499 | D:6      | Found Hubbil's Magic Scroll Shoppe.
  4550 | D:6      | Reached skill level 7 in Earth Magic
  4556 | D:6      | Found a sand-covered staircase.
  4627 | Ossuary  | Entered an ossuary
  4843 | Ossuary  | Offered knowledge of Flame Tongue by Vehumet.
  4942 | Ossuary  | Reached ** piety under Vehumet
  5330 | D:6      | Reached XP level 8. HP: 61/61 MP: 11/15
  5402 | D:6      | Reached skill level 8 in Earth Magic
  5684 | D:7      | Learned a level 1 spell: Flame Tongue
  6173 | D:7      | Reached skill level 9 in Earth Magic
  6407 | D:7      | Offered knowledge of Throw Frost by Vehumet.
  6487 | D:8      | Noticed a hornet
  6520 | D:7      | Killed a hornet
  6520 | D:7      | Reached XP level 9. HP: 25/67 MP: 1/16
  6554 | D:7      | Upgraded the game from 0.23-b1-70-gd12f7cf to
                  | 0.23-b1-84-g6588a6b
  6665 | D:7      | Reached skill level 5 in Conjurations
  7107 | D:$      | Got out of the dungeon alive.

Skill      XL: |  1  2  3  4  5  6  7  8  9 |
---------------+----------------------------+-----
Fighting       | 1 2 |  2.1
Spellcasting   | 3 4 5 |  5.2
Earth Magic    | 4 6 7 9 |  9.6
Conjurations   | 1 2 4 5 |  5.1
Dodging        | 2 |  2.1
Transmutations | 2 4 |  4.3
Stealth        | 2 3 |  3.1

Action                   |  1- 3 |  4- 6 |  7- 9 || total
-------------------------+-------+-------+-------++-------
Melee: Unarmed           |    67 |       |       ||    67
       Tailslap          |     9 |    13 |    19 ||    41
       Short sword       |    39 |   188 |   168 ||   395
       Headbutt          |       |     1 |    29 ||    30
 Cast: Sandblast         |    19 |    31 |    26 ||    76
       Stone Arrow       |     2 |    23 |    45 ||    70
       Lee's Rapid Decon |       |       |    10 ||    10
       Petrify           |       |       |     7 ||     7
  Use: Scroll            |     1 |     4 |     9 ||    14
       Potion            |       |     8 |     1 ||     9
 Stab: Sleeping          |       |     1 |     4 ||     5
       Distracted        |       |       |     1 ||     1
       Petrified         |       |       |    34 ||    34
       Petrifying        |       |       |     1 ||     1
  Eat: Chunk             |       |    10 |    10 ||    20
       Ration            |       |     1 |     2 ||     3
Armor: Skin              |    39 |    67 |    63 ||   169
Dodge: Dodged            |    84 |   125 |   126 ||   335
